 Dungeon Crawl Stone Soup version 0.26.1-16-g4e020e15dc (webtiles) character file.

Game seed: 13662456095321458400

70 Winotaur the Chopper (level 4, 0/60 HPs)
             Began as a Minotaur Berserker on Apr 16, 2024.
             Was a Believer of Trog.
             Succumbed to a worker ant's poison
             ... on level 2 of the Dungeon.
             The game lasted 00:00:15 (1026 turns).

Winotaur the Chopper (Minotaur Berserker)           Turns: 1026, Time: 00:00:15

Health: 0/60       AC:  2    Str: 23    XL:     4   Next: 4%
Magic:  3/3        EV: 12    Int:  4    God:    Trog [**....]
Gold:   176        SH:  0    Dex:  9    Spells: 3/3 levels left

rFire    . . .     SeeInvis .   a - +0 hand axe
rCold    . . .     Faith    .   (no shield)
rNeg     . . .     Spirit   .   b - +0 animal skin
rPois    .         Reflect  .   (helmet restricted)
rElec    .         Harm     .   (no cloak)
rCorr    .         Rampage  .   (no gloves)
Will     .....                  (no boots)
Stlth    ..........             (no amulet)
HPRegen  0.20/turn              (no ring)
MPRegen  0.08/turn              (no ring)

@: berserking (expiring), lethally poisoned (0 -> -11), very quick
A: retaliatory headbutt, horns 2
a: Renounce Religion, Berserk, Trog's Hand


You were on level 2 of the Dungeon.
You worshipped Trog.
Trog was pleased with you.
You visited 1 branch of the dungeon, and saw 2 of its levels.

You collected 176 gold pieces.

Inventory:

Hand Weapons
 a - a +0 hand axe (weapon)
Armour
 b - a +0 animal skin (worn)
Jewellery
 k - a +4 ring of evasion {unknown}
Scrolls
 d - 2 scrolls of identify {unknown}
 h - a scroll of fog {unknown}
 j - a scroll of enchant weapon {unknown}
 m - a scroll of random uselessness {unknown}
 n - 2 scrolls of teleportation {unknown}
Potions
 c - a potion of brilliance {unknown}
 e - a potion of might {unknown}
 f - a potion of heal wounds {unknown}
 g - 2 potions of mutation {unknown}
 i - a potion of curing {unknown}
 l - a potion of degeneration {unknown}


   Skills:
 + Level 4.2 Fighting
 * Level 4.6 Axes
 + Level 3.2 Armour
 + Level 2.8 Dodging


You had 3 spell levels left.
You didn't know any spells.
Your spell library was empty.

Dungeon Overview and Level Annotations

Branches:
Dungeon (2/15)

Altars:
Cheibriados
Qazlal


Innate Abilities, Weirdness & Mutations

You reflexively headbutt those who attack you in melee.
You have a pair of horns on your head.


Message History

* * * LOW HITPOINT WARNING * * *
You feel sick. The worker ant bites you.
* * * LOW HITPOINT WARNING * * *
You are more poisoned.
The worker ant poisons you!
Things that are here:
an adder corpse; a frilled lizard corpse You slash the goblin!
You kill the goblin!
Trog accepts your kill.
You hit the worker ant.
You feel the power of Trog in you as your rage grows.
You kill the worker ant!
Trog accepts your kill.
* * * LOW HITPOINT WARNING * * *
You feel sick.
You have reached level 4!
You feel stronger.
You are too berserk!
You die...

#.##..... #........ #
####### ######..####
..#...[.## #...###..###
..!......## #)..# ##...#
..........# #..[######..
...<......# #...........
..........# #...########
.......@).###...########
........†...............
....).$....#####........
.........##....>.#######
..#.....###.###### ## #
#....## #.# #. ##...
##.. #. #..# ...###
####. #.# ....# ##....


There were no monsters in sight!

Vanquished Creatures
  A worker ant (D:2)
  An adder (D:2)
  A worm (D:2)
  A leopard gecko (D:2)
  A giant cockroach (D:1)
  2 goblins
  5 jackals
  A quokka (D:2)
  8 bats
  4 frilled lizards
  5 kobolds
  4 rats
34 creatures vanquished.

Notes
Turn   | Place    | Note
-------+----------+-------------------------------------------
     0 | D:1      | Winotaur the Minotaur Berserker began the quest for the
                  | Orb.
     0 | D:1      | Reached XP level 1. HP: 19/19 MP: 0/0
   154 | D:1      | Reached XP level 2. HP: 24/27 MP: 1/1
   688 | D:1      | Found a snail-covered altar of Cheibriados.
   711 | D:2      | Found a stormy altar of Qazlal.
   714 | D:2      | Noticed an earth elemental
   730 | D:2      | Noticed a fire elemental
   730 | D:2      | Noticed an air elemental
   730 | D:2      | Noticed a water elemental
   941 | D:2      | Reached ** piety under Trog
   954 | D:2      | Reached XP level 3. HP: 33/33 MP: 2/2
  1024 | D:2      | HP: 2/49 [worker ant (3)]
  1026 | D:2      | Reached XP level 4. HP: 1/40 MP: 3/3
  1026 | D:2      | Succumbed to a worker ant's poison

Illustrated notes

Levels and vault maps discovered:
D:1:      dpeg_arrival_connections, layout_loops_ring, cheibriados_altar_1
D:2:      layout_rooms, nicolae_qazlal_style_of_elements

Skill      XL: |  1  2  3 |
---------------+----------+-----
Axes           | 4 |  4.6
Fighting       | 4 |  4.2
Armour         | 3 |  3.2
Dodging        | |  2.8

Action                   |  1- 3 |  4- 6 || total
-------------------------+-------+-------++-------
Melee: Hand axe          |    56 |       ||    56
       Headbutt          |     6 |       ||     6
Invok: Berserk           |     1 |       ||     1
Armor: Animal skin       |    11 |       ||    11
Dodge: Dodged            |    47 |       ||    47
